 Dungeon Crawl Stone Soup version 0.30.1-3-gfc49f6343a (webtiles) character file.

Game seed: 12299537307913981706

5225 javelincjr the Magician (level 10, -2/65 (67) HPs)
             Began as a Demonspawn Hedge Wizard on July 17, 2023.
             Was a Priest of Sif Muna.
             Constricted to death by a tentacled monstrosity (6 damage)
             ... on level 1 of the Abyss on July 18, 2023.
             The game lasted 00:55:49 (10196 turns).

javelincjr the Magician (Demonspawn Hedge Wizard)  Turns: 10196, Time: 00:55:49

HP:   -2/65 (67)    AC: 11    Str: 10    XL:     10   Next: 35%
MP:   15/19         EV: 10    Int: 20    God:    Sif Muna [***...]
Gold: 404           SH:  4    Dex: 13    Spells: 16/21 levels left

rFire   + . .        w - +3 mace of Liut {speed, Drain rCorr Stlth+}
rCold   x . .        K - +0 buckler
rNeg    . . .        O - +0 steam dragon scales
rPois   .            c - +0 hat
rElec   .            r - +0 cloak
rCorr   +            q - +0 pair of gloves
SInv    .            (no boots)
Will    .....        (no amulet)
Stlth   ++++         l - ring of fire
HPRegen 0.30/turn    m - +4 ring of protection
MPRegen 0.16/turn

%: no passive effects
@: constricted, lightly drained
A: powered by death 1, demonic magic 1, weakness stinger 2
a: Renounce Religion, Channel Magic, Forget Spell


You were on level 1 of the Abyss.
You worshipped Sif Muna.
Sif Muna was most pleased with you.
You visited 2 branches of the dungeon, and saw 10 of its levels.
You visited the Abyss 1 time.
You also visited: Ossuary.

You collected 404 gold pieces.

Inventory:

Hand Weapons
 d - a +0 trident
 k - a +2 dagger of draining
 w - the +3 mace of Liut (weapon) {speed, Drain rCorr Stlth+}
   (You found it on level 3 of the Dungeon)

   rCorr:     It protects you from acid and corrosion.
   Drain:     It drains your maximum health when unequipped.
   Stlth:     It makes you more stealthy.
 y - a +2 flail of distortion
 z - a +1 dagger of draining
 N - a +2 shortbow of flaming
 Q - a +3 spear of freezing
Missiles
 U - a throwing net
Armour
 a - a +0 ring mail of fire resistance
 b - a +0 robe
 c - a +0 hat (worn)
 o - a +2 ring mail of positive energy
 q - a +0 pair of gloves (worn)
 r - a +0 cloak (worn)
 K - a +0 buckler (worn)
 O - +0 steam dragon scales (worn)
Magical Staves
 D - a staff of cold
Jewellery
 l - a ring of fire (left hand)
 m - a +4 ring of protection (right hand)
 L - an amulet of guardian spirit
Wands
 i - a wand of roots (14)
 B - a wand of flame (16)
 P - a wand of quicksilver (13)
 R - a wand of digging (5)
Scrolls
 e - 3 scrolls of teleportation
 f - 2 scrolls of poison
 h - a scroll of fog
 p - 3 scrolls of amnesia
 t - 2 scrolls of blinking
 x - 2 scrolls of enchant armour
 A - 3 scrolls of silence
 C - a scroll of enchant weapon {unknown}
 E - 4 scrolls of torment
 G - a scroll of magic mapping {unknown}
 I - a scroll of brand weapon {unknown}
 S - a scroll of immolation {unknown}
 T - a scroll of identify
 V - a scroll of fear {unknown}
Potions
 g - 4 potions of curing
 j - 2 potions of mutation
 n - a potion of brilliance
 s - 4 potions of haste
 u - 2 potions of lignification
 v - 6 potions of heal wounds
 F - 3 potions of might
 H - a potion of attraction {unknown}
 J - a potion of magic
 M - a potion of cancellation {unknown}


   Skills:
 + Level 1.9 Fighting
 + Level 5.9 Dodging
 + Level 6.2 Stealth
 + Level 1.8 Shields
 + Level 6.4 Spellcasting
 + Level 5.9 Conjurations
 + Level 6.0 Summonings
 + Level 5.5 Translocations
 + Level 2.5 Invocations


You had 16 spell levels left.
You knew the following spells:

 Your Spells              Type           Power      Damage    Failure   Level
a - Magic Dart            Conj           100%       1d8       1%          1
b - Call Imp              Summ           60%        N/A       1%          2
c - Blink                 Tloc           56%        N/A       2%          2

Your spell library contained the following spells:

 Spells                   Type           Power      Damage    Failure   Level
 Apportation              Tloc           56%        N/A       1%          1
 Kiss of Death            Conj/Necr      72%        2d10      4%          1
 Dazzling Flash           Conj/Hex       36%        N/A       13%         3
 Necrotise                Necr           24%        1d5       14%         1
 Slow                     Hex            24%        N/A       14%         1
 Vhi's Electric Charge    Tloc/Air       34%        N/A       14%         3
 Mephitic Cloud           Conj/Pois/Air  14%        N/A       19%         3
 Cigotuvi's Dreadful Rot  Necr/Pois/Air  12%        N/A       22%         2
 Flame Wave               Conj/Fire      27%        2d9       38%         4
 Sticky Flame             Conj/Fire      27%        2d5       38%         4
 Inner Flame              Hex/Fire       9%         N/A       41%         3
 Arcjolt                  Conj/Air       9%         1d19      75%         5
 Agony                    Necr           6%         N/A       99%         5
 Silence                  Hex/Air        3%         N/A       99%         5
 Summon Hydra             Summ           15%        N/A       100%        7
 Maxwell's Capacitive Co  Air            3%         ∞         100%        8


Dungeon Overview and Level Annotations

Branches:
Dungeon (9/15)             Temple (1/1) D:5             Orc (0/2) D:9
Ossuary (visited)
   Lair: D:8-11

Altars:
Ashenzari
Cheibriados
Dithmenos
Fedhas
Gozag
Hepliaklqana
Kikubaaqudgha
Makhleb
Nemelex Xobeh
Okawaru
Qazlal
Ru
Sif Muna
Uskayaw
Vehumet
Wu Jian
Xom
Yredelemnul

Shops:
D:2 (

Annotations:
D:9 Erolcha


Innate Abilities, Weirdness & Mutations

You regenerate a little health from kills.
Spells you cast may paralyse adjacent enemies.
You have a tail ending in a sharp stinger.


Message History

The tentacled monstrosity tentacle-slaps you.
The tentacled monstrosity grabs you.
The tentacled monstrosity constricts you!
Casting: Magic Dart (safe; 1% risk of failure)
Confirm with . or Enter, or press ? or * to list all spells.
A tiny devil pulls itself out of the air.
Malevolent energies surge around you.
The tentacled monstrosity completely misses you.
The tentacled monstrosity barely misses you.
You block the tentacled monstrosity's attack.
The tentacled monstrosity constricts you!
Casting: Call Imp (safe; 1% risk of failure)
Confirm with . or Enter, or press ? or * to list all spells.
Aiming: Magic Dart (safe; 1% risk of failure)
Press: ? - help, Shift-Dir - straight line, f - tentacled monstrosity
Aim: a tentacled monstrosity (constricting you, ally target, 100% to hit)
The magic dart hits the tentacled monstrosity.
The tentacled monstrosity is lightly wounded.
Malevolent energies surge around you.
You block the tentacled monstrosity's attack.
The tentacled monstrosity tentacle-slaps you but does no damage.
The tentacled monstrosity tentacle-slaps you.
The tentacled monstrosity constricts you!
* * * LOW HITPOINT WARNING * * *
Casting: Magic Dart (safe; 1% risk of failure)
Confirm with . or Enter, or press ? or * to list all spells.
Aiming: Magic Dart (safe; 1% risk of failure)
Press: ? - help, Shift-Dir - straight line, f/p - tentacled monstrosity
Aim: a tentacled monstrosity (lightly wounded, constricting you, ally target, 100% to hit)
The magic dart hits the tentacled monstrosity but does no damage.
The tentacled monstrosity is lightly wounded.
Malevolent energies surge around you.
Your cerulean imp hits the tentacled monstrosity but does no damage.
The tentacled monstrosity tentacle-slaps you!
* * * LOW HITPOINT WARNING * * *
The tentacled monstrosity barely misses you.
The tentacled monstrosity tentacle-slaps you.
* * * LOW HITPOINT WARNING * * *
The tentacled monstrosity constricts you.
You die...

. . #.## .
.........X.. ..#
.#..... .....X
.... #. #.. . ...
......... #... ##
..#.#..#....# # .
..# . ###......
..
#.#.#########....
#.
#..........##..#
. #..........##5#
#. .........@## #
...........X##
#.... .........#
... ............
###... ......####
...#####.#.#
....# #. .#


You could see a tentacled monstrosity (ally target), a tentacled starspawn and a
friendly cerulean imp (summoned).

Vanquished Creatures
  A troll (D:9)
  A wyvern (D:7)
  Menkaure (D:6)
  A steam dragon (D:8)
  A warg (D:9)
  An ice beast (D:5)
  A black bear (D:4)
  A centaur (D:8)
  A kobold brigand (D:7)
  3 phantoms
  4 bullfrogs
  2 scorpions
  13 wights
  4 killer bees (D:7)
  3 vampire bats (D:6)
  An electric eel (D:9)
  A howler monkey (D:9)
  2 orc priests (D:9)
  2 hounds
  5 jellies
  Jessica (D:2)
  2 sleepcaps
  2 iguanas
  6 orc wizards
  11 mummies (Ossuary)
  8 adders
  5 gnolls
  2 shadow imps
  2 white imps
  3 worms
  A dart slug (D:1)
  19 orcs
  7 endoplasms
  A giant cockroach (D:1)
  5 goblins
  6 hobgoblins
  12 kobolds
  4 quokkas
  6 ball pythons
  13 bats
  3 frilled lizards
  5 goblin skeletons (Ossuary)
  A kobold skeleton (Ossuary)
  An orc skeleton (Ossuary)
  3 rats
  9 rat skeletons (Ossuary)
187 creatures vanquished.

Vanquished Creatures (collateral kills)
  A hornet (D:9)
  A human (D:9)
  An acid dragon (D:9)
  2 water moccasins
  An orc warrior (D:9)
  A black bear (D:7)
  An ogre (D:4)
  A centaur (D:8)
  A bullfrog (D:6)
  3 wights
  A killer bee (D:7)
  2 electric eels (D:4)
  A jelly (D:6)
  An orc priest (D:9)
  2 orc wizards (D:9)
  3 mummies (Ossuary)
  3 gnolls
  An adder (D:6)
  A white imp (D:6)
  16 orcs
  A goblin (D:9)
  A kobold (D:7)
  A gnoll skeleton (Ossuary)
  2 rat skeletons (Ossuary)
49 creatures vanquished.

Vanquished Creatures (others)
  An orc wizard (D:8)
1 creature vanquished.

Grand Total: 237 creatures vanquished

Notes
Turn   | Place    | Note
-------+----------+-------------------------------------------
     0 | D:1      | javelincjr the Demonspawn Hedge Wizard began the quest for
                  | the Orb.
     0 | D:1      | Reached XP level 1. HP: 13/13 MP: 4/4
    90 | D:1      | Reached skill level 1 in Translocations
   257 | D:1      | Gained mutation: Spells you cast may paralyse adjacent
                  | enemies. [demonic ancestry]
   257 | D:1      | Reached XP level 2. HP: 5/19 MP: 1/6
   844 | D:1      | Found a faded altar of an unknown god.
   849 | D:1      | Reached XP level 3. HP: 15/24 MP: 7/7
  1120 | D:2      | Found Cyfin's Weapon Emporium.
  1419 | D:2      | Noticed Jessica
  1426 | D:2      | Killed Jessica
  1427 | D:2      | Gained mutation: You regenerate a little health from kills.
                  | [demonic ancestry]
  1427 | D:2      | Reached XP level 4. HP: 30/30 MP: 2/8
  1441 | D:2      | Got Jessica's Anthology of Sciomancy
  1956 | D:3      | Got the Grimoire of the Supportive Door
  1998 | D:3      | Upgraded the game from 0.30.1-1-g62c8e00024 to
                  | 0.30.1-3-gfc49f6343a
  2001 | D:3      | Learned a level 2 spell: Call Imp
  2289 | D:3      | Identified the +3 mace of Liut {speed, Drain rCorr Stlth+}
  2597 | D:4      | Noticed a black bear
  2611 | D:4      | Killed a black bear
  2612 | D:4      | Reached XP level 5. HP: 11/35 MP: 6/10
  2709 | D:4      | Learned a level 2 spell: Blink
  2995 | D:4      | Found a transporter.
  3015 | D:4      | Gained mutation: You have a small tail. [demonic ancestry]
  3015 | D:4      | Reached XP level 6. HP: 41/41 MP: 9/11
  3044 | D:4      | Found a transporter.
  3559 | D:5      | Entered Level 5 of the Dungeon
  3666 | D:5      | Gained mutation: You have a tail ending in a sharp stinger.
                  | [demonic ancestry]
  3666 | D:5      | Reached XP level 7. HP: 36/46 MP: 1/13
  3874 | D:5      | Found a sand-covered staircase.
  3878 | Ossuary  | Entered an ossuary
  5399 | D:5      | Found a staircase to the Ecumenical Temple.
  5410 | Temple   | Entered the Ecumenical Temple
  5498 | Temple   | Became a worshipper of Sif Muna the Loreminder
  5657 | D:5      | Reached XP level 8. HP: 52/52 MP: 5/14
  6469 | D:6      | Reached skill level 5 in Spellcasting
  6596 | D:6      | Reached * piety under Sif Muna
  6732 | D:6      | Noticed Menkaure
  6740 | D:6      | Killed Menkaure
  7147 | D:7      | Reached skill level 5 in Stealth
  7147 | D:7      | Reached XP level 9. HP: 43/57 MP: 9/17
  7411 | D:7      | Reached skill level 5 in Dodging
  7416 | D:7      | Reached skill level 5 in Summonings
  7632 | D:7      | Reached skill level 5 in Conjurations
  8219 | D:7      | Reached ** piety under Sif Muna
  8804 | D:8      | Reached skill level 5 in Translocations
  9098 | D:8      | Reached skill level 1 in Invocations
  9320 | D:8      | Reached skill level 1 in Fighting
  9320 | D:8      | Reached XP level 10. HP: 62/65 MP: 10/19
  9618 | D:9      | Reached skill level 1 in Shields
  9654 | D:9      | Found a staircase to the Orcish Mines.
  9946 | D:9      | Reached *** piety under Sif Muna
 10075 | D:9      | Noticed Erolcha
 10099 | Abyss:1  | Found a corrupted altar of Lugonu.
 10099 | Abyss:1  | Cast into level 1 of the Abyss (Erolcha)
 10106 | Abyss:1  | Noticed a bone dragon
 10168 | Abyss:1  | Noticed a vampire mage
 10170 | Abyss:1  | Noticed a tentacled monstrosity
 10191 | Abyss:1  | Noticed a tentacled starspawn
 10196 | Abyss:1  | Constricted to death by a tentacled monstrosity

Illustrated notes

Levels and vault maps discovered:
D:1:      dpeg_arrival_three_same_balls, layout_basic,
          hellmonk_ecumenical_altar_inner_sanctum
D:2:      layout_rooms, serial_shops, shop, basic_altar, solitary_fountain,
          kennysheep_jessica_study
D:3:      layout_rooms, grunt_ministairs_12, minmay_fractal_squares_gapless_5
D:4:      gammafunk_steamed_eel, layout_loops_ring
D:5:      layout_rooms, temple_hall, enter_ossuary_5
D:6:      layout_rooms, roderic_batcave, uniq_menkaure
D:7:      layout_loops_ring, st_stairs_10
D:8:      layout_basic
D:9:      layout_basic, erik_orc_4, uniq_joseph, uniq_erolcha
Temple:   minmay_crystal_snake_temple
Abyss:1:  base:
D:6

Skill      XL: |  1  2  3  4  5  6  7  8  9 10 |
---------------+-------------------------------+-----
Translocations | 1 2 3 4 5 |  5.5
Stealth        | 2 3 4 5 6 |  6.2
Dodging        | 2 3 4 5 |  5.9
Summonings     | 2 3 4 5 6 |  6.0
Conjurations   | 2 3 4 5 |  5.9
Spellcasting   | 4 5 6 |  6.4
Invocations    | 1 2 |  2.5
Fighting       | 1 |  1.9
Shields        | 1 |  1.8

Action                     |  1- 3 |  4- 6 |  7- 9 | 10-12 || total
---------------------------+-------+-------+-------+-------++-------
  Melee: Dagger            |     4 |       |       |       ||     4
         Trident           |    33 |    26 |       |       ||    59
         Mace              |       |    50 |   257 |    37 ||   344
         Tailslap          |       |       |    50 |    11 ||    61
         Punch             |       |       |     2 |       ||     2
   Cast: Magic Dart        |    62 |    71 |   264 |    47 ||   444
         Call Imp          |       |    12 |    62 |     7 ||    81
         Blink             |       |       |       |     1 ||     1
    Use: Potion            |     1 |       |       |       ||     1
         Scroll            |       |       |     8 |    10 ||    18
   Stab: Paralysed         |     7 |     6 |    92 |     9 ||   114
         Sleeping          |     1 |     5 |     6 |       ||    12
         Distracted        |       |     2 |     2 |     1 ||     5
 Armour: Robe              |    10 |    23 |    90 |       ||   123
         Steam dragon scal |       |       |    17 |    16 ||    33
  Dodge: Dodged            |    24 |    47 |   162 |    47 ||   280
  Block: Buckler           |       |       |    25 |    14 ||    39
